Map: Blueshift LE

Players

Reynor - Winner!

  • Race: Zerg Zerg
  • League: Grandmaster
  • Spawn Location: 1:00

llllllllllll (GuMiho)

  • Race: Terran Terran
  • Spawn Location: 7:00

Event: IEM Season 13 - Katowice Server Qualifiers Europe

VOD

Have the link to the VOD?

Description

Time

  • Played on: Jan. 8, 2019, 9:20 a.m.
  • Length: 15:56

All games in this series

Show
View Real Time Build Order
Export as new Build Order

Reynor Zerg - Winner!

Build Orders: Hatch First 

Get SALT Encoding   

  12  0:00  Drone  
  13  0:13  Overlord  
  13  0:16  Drone  
  14  0:31  Drone x2  
  16  0:49  Hatchery  
  15  0:51  Drone  
  15  0:54  Drone  
  17  0:58  Drone  
  18  1:10  Extractor  
  17  1:13  Spawning Pool  
  17  1:16  Drone  
  17  1:20  Drone  
  18  1:28  Drone  
  19  1:39  Drone  
  20  1:49  Overlord  
  20  2:00  Queen  
  20  2:01  Queen, Zergling x4  
  26  2:11  Drone x2  
  26  2:14  Metabolic Boost  
  28  2:22  Drone  
  29  2:25  Drone  
  30  2:34  Drone x2  
  30  2:36  Queen  
  34  2:44  Overlord  
  34  2:46  Drone  
  35  2:55  Drone  
  35  2:57  Pneumatized Carapace  
  36  3:02  Drone  
  36  3:05  Overlord  
  37  3:07  Zergling x2  
  37  3:09  Drone x2  
  37  3:10  Drone  
  41  3:23  Hatchery  
  41  3:25  Drone x2  
  42  3:28  Zergling x4  
  42  3:31  Queen  
  46  3:37  Overlord  
  46  3:40  Queen  
  48  3:44  Drone  
  48  3:47  Drone x2  
  51  3:49  Drone  
  51  3:55  Overlord  
  52  3:56  Drone x2  
  52  3:57  Drone  
  55  4:03  Zergling x4  
  55  4:07  Zergling x2  
  55  4:08  Extractor  
  57  4:13  Lair  
  57  4:14  Zergling x2  
  58  4:18  Drone  
  58  4:19  Queen  
  58  4:23  Overlord  
  61  4:29  Overlord  
  61  4:35  Drone  
  61  4:38  Overlord  
  62  4:40  Drone  
  62  4:42  Queen  
  62  4:43  Drone  
  62  4:45  Drone x2  
  68  4:46  Drone x2  
  68  4:47  Baneling Nest  
  68  4:50  Spore Crawler  
  68  4:51  Drone x3  
  71  4:53  Drone  
  71  4:58  Zergling x2  
  71  4:59  Zergling x2  
  74  5:01  Queen  
  74  5:03  Drone  
  74  5:05  Spore Crawler  
  76  5:09  Drone x2  
  76  5:12  Overseer  
  78  5:16  Drone x4  
  78  5:18  Overlord  
  78  5:21  Overlord  
  82  5:26  Overlord  
  82  5:31  Extractor, Drone  
  82  5:32  Extractor  
  82  5:33  Overlord  
  82  5:35  Evolution Chamber, Baneling x5  
  80  5:36  Evolution Chamber  
  80  5:41  Drone x4  
  83  5:44  Queen  
  83  5:47  Zergling x6  
  83  5:48  Drone  
  89  5:50  Drone  
  90  6:00  Overlord  
  90  6:01  Drone  
  90  6:03  Drone x4  
  90  6:04  Zerg Ground Armor Level 1  
  95  6:05  Zerg Missile Weapons Level 1  
  95  6:07  Drone x3  
  98  6:13  Overseer  
  98  6:17  Drone x4  
  102  6:19  Extractor  
  102  6:21  Extractor, Baneling x4  
  102  6:22  Baneling  
  102  6:24  Zergling x6  
  103  6:26  Zergling x4  
  105  6:36  Hatchery  
  104  6:41  Drone  
  104  6:44  Roach Warren  
  104  6:45  Infestation Pit  
  104  6:46  Zergling x4  
  104  6:47  Zergling x10  
  110  6:53  Overlord  
  110  7:10  Drone  
  110  7:23  Overlord  
  110  7:26  Hive  
  110  7:31  Glial Reconstitution  
  110  7:33  Roach  
  110  7:34  Roach x4  
  110  7:36  Overlord  
  120  7:37  Overlord x3  
  120  7:41  Roach x3  
  120  7:42  Roach x3  
  120  7:43  Overlord  
  128  7:44  Overlord  
  128  7:46  Overseer  
  128  7:49  Overlord  
  128  7:50  Drone x2  
  128  7:51  Drone  
  128  7:55  Drone x5  
  128  7:58  Roach  
  135  8:00  Drone x2, Zerg Missile Weapons Level 2  
  135  8:01  Zerg Ground Armor Level 2  
  137  8:07  Roach x2  
  137  8:12  Roach x4  
  146  8:13  Roach  
  146  8:16  Extractor, Drone  
  146  8:17  Overlord, Drone  
  146  8:18  Drone  
  146  8:19  Drone x2  
  147  8:22  Drone x3  
  147  8:29  Spore Crawler, Extractor  
  147  8:32  Roach x3  
  151  8:43  Viper x4  
  151  8:45  Overlord  
  151  8:46  Drone x2  
  151  8:47  Drone  
  166  8:50  Hydralisk Den  
  166  8:53  Overlord  
  165  9:00  Hatchery  
  165  9:01  Overlord, Overseer  
  164  9:03  Overlord  
  164  9:11  Viper x2  
  170  9:27  Muscular Augments, Hydralisk x9  
  184  9:33  Hydralisk  
  184  9:34  Hydralisk  
  185  9:47  Hydralisk x6  
  197  10:04  Hydralisk  
  197  10:11  Spire  
  196  10:22  Hydralisk x2  
  196  10:25  Zerg Missile Weapons Level 3  
  196  10:27  Extractor  
  199  10:30  Extractor  
  199  10:32  Extractor  
  188  10:44  Grooved Spines  
  188  10:48  Drone x6  
  188  10:49  Hydralisk x4  
  198  10:55  Zerg Ground Armor Level 3  
  198  11:24  Spore Crawler  
  195  11:30  Spine Crawler  
  195  11:31  Spore Crawler, Spine Crawler, Greater Spire  
  192  11:34  Spine Crawler  
  192  11:36  Roach x4  
  195  11:51  Drone  
  195  11:52  Drone x9  
  195  11:53  Drone x3  
  195  11:54  Drone x2  
  198  11:57  Hydralisk, Drone  
  199  12:19  Drone x4  
  186  12:47  Drone x3  
  186  12:48  Hydralisk x7  
  186  12:49  Hatchery  
  196  12:54  Drone x4  
  198  13:04  Zerg Flyer Weapons Level 1  
  176  13:43  Hydralisk x9  
  176  13:45  Roach x5  
  198  13:54  Hydralisk x6  
  188  13:58  Hydralisk x3  
  188  14:04  Queen  
  188  14:07  Hydralisk x4  
  188  14:09  Hydralisk  
  200  14:26  Spine Crawler  
  200  14:28  Spine Crawler, Hatchery  
  200  14:29  Spine Crawler  
  200  14:30  Overseer x2  
  200  14:31  Queen  
  196  14:33  Hatchery  
  197  14:39  Roach  
  197  14:46  Roach  
  197  14:50  Hydralisk x9  
  193  14:56  Hydralisk x8  
  193  14:59  Hydralisk x10  
  190  15:01  Drone  
  190  15:03  Hydralisk  
  181  15:10  Hydralisk x6  
  181  15:11  Hydralisk  
  181  15:12  Viper  
  191  15:22  Overlord x5  
  191  15:26  Spine Crawler  
Show
View Real Time Build Order
Export as new Build Order

llllllllllll Terran 

Build Orders: Reaper Expand, Hellion Banshee, Mech 

Get SALT Encoding   

  12  0:01  SCV  
  13  0:13  SCV  
  14  0:17  Supply Depot  
  14  0:25  SCV  
  15  0:38  SCV  
  15  0:40  Barracks  
  16  0:43  Refinery  
  16  0:50  SCV  
  17  1:03  SCV  
  18  1:15  SCV  
  19  1:27  Reaper, Orbital Command  
  20  1:39  Command Center  
  20  1:48  Supply Depot  
  20  1:53  SCV  
  21  1:59  Marine  
  22  2:05  SCV  
  23  2:11  Factory  
  23  2:18  SCV  
  25  2:24  Barracks Reactor  
  24  2:30  SCV  
  25  2:39  Command Center  
  25  2:43  SCV  
  26  2:49  Refinery  
  26  2:50  Orbital Command  
  26  2:55  SCV  
  27  3:00  Starport  
  27  3:06  Hellion  
  27  3:08  SCV  
  30  3:14  Hellion  
  30  3:17  SCV  
  33  3:20  Barracks Tech Lab, SCV  
  34  3:29  Hellion  
  34  3:33  SCV x2  
  38  3:35  Hellion  
  40  3:48  Cloaking Field, SCV x2  
  45  3:50  Viking  
  45  3:52  Orbital Command  
  44  3:59  Hellion x2  
  48  4:03  Barracks Tech Lab  
  48  4:04  SCV x2  
  48  4:09  Supply Depot  
  50  4:15  Refinery  
  50  4:16  Refinery, SCV x2  
  52  4:21  Banshee  
  52  4:23  SCV  
  56  4:32  Supply Depot  
  56  4:38  Marine x2  
  56  4:39  Siege Tank  
  56  4:41  SCV x3  
  64  4:46  Supply Depot  
  64  4:53  SCV x2  
  64  4:55  Armory  
  64  4:56  Marine x2  
  69  5:03  Orbital Command  
  68  5:07  Banshee  
  68  5:09  SCV x2  
  68  5:11  Siege Tank  
  76  5:15  Marine  
  76  5:16  Marine, Supply Depot  
  76  5:21  SCV x2  
  80  5:26  Factory  
  80  5:29  Factory, SCV  
  80  5:33  SCV x2  
  83  5:39  Supply Depot  
  83  5:40  Supply Depot  
  84  5:42  SCV  
  84  5:43  Terran Vehicle And Ship Armor Level 1  
  84  5:45  Refinery, SCV x2  
  84  5:46  Refinery  
  86  5:51  Barracks Tech Lab  
  86  5:53  Hellion x2  
  86  5:56  SCV  
  91  5:57  SCV x2  
  93  6:08  SCV  
  93  6:09  SCV, Banshee  
  98  6:12  Supply Depot  
  98  6:13  Engineering Bay  
  98  6:14  Hellion x2  
  102  6:20  Barracks Reactor  
  102  6:21  SCV x3  
  105  6:32  Cyclone  
  108  6:33  SCV  
  108  6:34  SCV, Cyclone  
  108  6:36  Supply Depot x3  
  113  6:40  SCV  
  113  6:44  Supply Depot  
  113  6:45  SCV  
  113  6:46  SCV  
  116  6:54  Factory  
  116  6:58  Factory, Banshee  
  116  7:00  Hellion x5  
  116  7:01  SCV  
  116  7:02  SCV x2  
  116  7:06  Cyclone x2  
  125  7:09  Armory  
  125  7:11  Missile Turret  
  125  7:14  Missile Turret  
  123  7:31  SCV x2  
  123  7:32  Command Center  
  123  7:36  Hellion  
  123  7:37  Hellion  
  129  7:38  Cyclone x2  
  129  7:39  Factory Tech Lab  
  126  7:51  Command Center  
  126  7:55  Terran Vehicle And Ship Armor Level 2  
  126  7:57  Banshee, Mag-Field Accelerator  
  126  7:58  Infernal Pre-Igniter, Hellion  
  129  8:00  Hellion x2  
  129  8:01  Hellion  
  135  8:08  Starport  
  135  8:09  Fusion Core  
  135  8:11  Starport  
  135  8:25  Hellion  
  135  8:26  Hellion x5  
  147  8:27  Hellion  
  147  8:30  Terran Vehicle Weapons Level 1  
  149  8:48  Starport Reactor  
  149  8:49  Starport Reactor  
  149  8:51  Refinery x2  
  149  9:03  Hellion  
  149  9:05  Command Center  
  149  9:07  Supply Depot  
  149  9:08  Supply Depot  
  151  9:11  Liberator, Cyclone x3  
  151  9:12  Supply Depot  
  151  9:13  Supply Depot  
  151  9:14  SCV x3  
  163  9:18  Liberator x4  
  163  9:20  Advanced Ballistics  
  166  9:36  Planetary Fortress  
  178  9:41  Missile Turret  
  178  9:42  SCV x2  
  178  9:44  SCV  
  181  10:00  Liberator x2  
  181  10:04  Liberator  
  177  10:07  SCV  
  177  10:08  Liberator, SCV x2  
  177  10:15  Command Center  
  177  10:16  Liberator, Command Center  
  177  10:20  SCV  
  160  10:42  Liberator  
  160  10:47  Cyclone x3  
  160  10:49  Hellion x2  
  175  10:50  Hellion  
  175  10:55  Liberator x3  
  173  10:57  Sensor Tower  
  173  10:59  Liberator  
  173  11:02  Smart Servos  
  186  11:20  Sensor Tower  
  186  11:22  Planetary Fortress  
  186  11:25  Liberator  
  186  11:30  Orbital Command x2  
  186  11:33  Missile Turret  
  186  11:40  Cyclone x3  
  192  11:51  Refinery, Hellion x3  
  192  11:53  Hellion  
  190  11:55  Refinery  
  190  11:56  Factory x2  
  190  11:58  Factory  
  180  12:05  Viking x2  
  184  12:10  Liberator x3  
  184  12:13  Terran Vehicle Weapons Level 2, Hellion  
  184  12:20  Missile Turret  
  174  12:37  Cyclone x3  
  174  12:39  Hellion x4  
  174  12:41  Factory Tech Lab x3  
  177  12:59  Missile Turret  
  177  13:00  Missile Turret  
  177  13:01  Cyclone x2  
  177  13:02  Hellion  
  177  13:03  Missile Turret  
  185  13:08  Cyclone  
  188  13:18  Liberator  
  188  13:19  Liberator  
  188  13:20  Cyclone x2  
  188  13:23  Liberator  
  191  13:27  Cyclone  
  191  13:33  Cyclone x2  
  180  13:44  Hellion  
  180  13:46  Cyclone  
  174  13:52  Cyclone  
  153  13:55  Liberator  
  153  13:59  Liberator  
  153  14:02  Cyclone x2  
  159  14:05  Cyclone  
  168  14:22  Liberator  
  168  14:23  Liberator  
  168  14:24  Missile Turret  
  168  14:33  Cyclone x3  
  168  14:34  Hellion x3  
  168  14:36  Cyclone  
  168  14:37  Cyclone  
  168  14:38  Hellion  
  197  14:50  Cyclone  
  164  14:56  Hellion x3  
  164  14:59  Hellion  
  150  15:05  Cyclone  
  150  15:06  Hellion x2  
  140  15:09  Hellion x2  
  141  15:17  Hellion  

Tags
 
Add a new tag
Caveats
  • Supply blocks, unpowered buildings, or Contaminate may cause inaccurate times.
  • Supply counts are checked every 10 seconds.